 Dungeon Crawl Stone Soup version 0.26-a0-612-gd4d190f45e (webtiles) character file.

Game seed: 540335911573021942

4589 MrRokkomies the Geomancer (level 10, -10/84 HPs)
             Began as an Octopode Earth Elementalist on Sept 8, 2020.
             Was an Initiate of Gozag.
             Mangled by a yak (18 damage)
             ... on level 8 of the Dungeon.
             The game lasted 00:18:31 (11378 turns).

MrRokkomies the Geomancer (OpEE)                   Turns: 11378, Time: 00:18:31

Health: -10/84     AC:  1    Str:  8      XL:     10   Next: 41%
Magic:  27/27      EV: 15    Int: 17      God:    Gozag
Gold:   138        SH:  0    Dex:  5 (12) Spells: 10/20 levels left

rFire    . . .     SeeInvis .   j - +2 dagger (chaos)
rCold    . . .     Faith    .   (no shield)
rNeg     . . .     Spirit   .   (helmet restricted)
rPois    +         Reflect  .   (no amulet)
rElec    .         Harm     .   E - ring of Linearity {rPois MP+9 Int-4} (curse)
rCorr    .                      (no ring)
MR       .....                  (no ring)
Stlth    ..........             (no ring)
HPRegen  0.24/turn              (no ring)
MPRegen  0.20/turn              (no ring)
                                (no ring)
                                (no ring)

@: berserking (expiring), very quick
A: almost no armour, stealthy swim, amphibious, 8 rings, constrict 8, camouflage
1, gelatinous body 1
a: Potion Petition, Call Merchant, Bribe Branch, Renounce Religion


You were on level 8 of the Dungeon.
You worshipped Gozag.
Gozag was aware of your devotion.
You visited 2 branches of the dungeon, and saw 10 of its levels.

You collected 1224 gold pieces.
You spent 345 gold pieces at shops.
You paid 741 gold pieces to Gozag.

Inventory:

Hand Weapons
 j - a +2 dagger of chaos (weapon)
 k - a +0 short sword of flaming
 z - the +4 spear "Bifiol" {protect, +Rage rPois Int-3 Dex+4}
   (You found it on level 8 of the Dungeon)

   It grants its wielder temporary protection when it strikes (+7 to AC).
   It affects your intelligence (-3).
   It affects your dexterity (+4).
   It protects you from poison.
   It lets you go berserk.
Missiles
 b - 199 stones
 f - 4 throwing nets
 q - 16 poisoned darts (quivered)
Magical Staves
 n - an uncursed staff of death
 y - an uncursed staff of air
Jewellery
 m - an uncursed ring of fire
 E - the cursed ring of Linearity (left tentacle) {rPois MP+9 Int-4}
   (You bought it in a shop on level 8 of the Dungeon)

   [ring of intelligence]

   It affects your intelligence (-4).
   It protects you from poison.
   It affects your magic capacity (+9).
   It has a curse placed upon it.
 F - an uncursed amulet of regeneration {unknown}
Wands
 s - a wand of acid (5)
 t - a wand of enslavement (5)
 v - a wand of polymorph (3)
 x - a wand of paralysis (5)
Scrolls
 d - 8 scrolls of identify
 e - 5 scrolls of amnesia
 g - 4 scrolls of fog
 l - 3 scrolls of remove curse
 u - 3 scrolls of immolation
 w - a scroll of teleportation
 A - a scroll of enchant weapon
 B - a scroll of magic mapping
Potions
 a - a potion of ambrosia
 c - a potion of haste
 h - 2 potions of brilliance
 i - 3 potions of flight
 o - a potion of curing
 p - 3 potions of mutation
 r - 2 potions of lignification
Miscellaneous
 D - a lightning rod (4/4)


   Skills:
 * Level 9.0 Dodging
 + Level 9.1 Stealth
 + Level 5.8 Spellcasting
 - Level 1.0 Transmutations
 * Level 9.2 Earth Magic


You had 10 spell levels left.
You knew the following spells:

 Your Spells              Type           Power        Failure   Level
a - Sandblast             Erth           #####.       1%          1
b - Passwall              Tmut/Erth      ###.....     2%          2
c - Stone Arrow           Conj/Erth      ###...       6%          3
d - Petrify               Tmut/Erth      ###.....     16%         4

Your spell library contained the following spells:

 Spells                   Type           Power        Failure   Level
 Beastly Appendage        Tmut           #.....       9%          1
 Lee's Rapid Deconstruct  Erth           #####.....   9%          5
 Wereblood                Tmut           #.......     13%         2
 Spider Form              Tmut/Pois      #.........   32%         3
 Ice Form                 Ice/Tmut       #.......     71%         4
 Blade Hands              Tmut           #.........   94%         5
 Statue Form              Tmut/Erth      ###......    94%         6
 Irradiate                Conj/Tmut      #.........   96%         5
 Hydra Form               Tmut           #.........   100%        6
 Dragon Form              Tmut           #.........   100%        7


Dungeon Overview and Level Annotations

Branches:
Dungeon (9/15)             Temple (1/1) D:5
   Lair: D:8-11         Orc: D:9-12

Altars:
Ashenzari
Cheibriados
Dithmenos
Elyvilon
Fedhas
Gozag
Hepliaklqana
Kikubaaqudgha
Makhleb
Okawaru
Qazlal
Ru
Sif Muna
Trog
Uskayaw
Vehumet
Wu Jian
Xom
Yredelemnul
Zin
The Shining One
Beogh

Shops:
D:8 =

Annotations:
D:4 3 runed translucent doors, fritzmikael's ghost, amateur DgAM


Innate Abilities, Weirdness & Mutations

You cannot wear most types of armour.
You are very stealthy in the water. (Stealth+)
You are amphibious.
You can wear up to eight rings at the same time.
You can use your tentacles to constrict eight enemies at once.
Your skin changes colour to match your surroundings (Stealth+).
Your rubbery body absorbs attacks. (AC +1, EV +1)


Message History

The yak barely misses you.
You hit the yak.
The yak is heavily wounded.
The yak closely misses you. The yak misses you.
You hit the yak.
The yak seems to slow down.
The yak is heavily wounded.
You hit the yak. You freeze the yak.
The yak is heavily wounded.
The yak is no longer moving slowly.
The yak gores you.
* * * LOW HITPOINT WARNING * * *
The yak barely misses you.
You barely miss the yak. Your squeeze misses the yak.
The yak is heavily wounded.
The yak gores you!
* * * LOW HITPOINT WARNING * * *
You barely miss the yak.
The yak is heavily wounded.
The yak gores you!!
You die...
Your body crumbles into a pile of gold.

##############
.............#
.............#
.............#
.............###
...............#
...........###T########
..............oY@Y....#
.............#Y######.#
...............#....#.#
.............####.#.#.#
................#.#.#.#
.##...........#.#.#.#.#
.##.........#.#.#.....#
###.........#...###.###
# #####.....#.......#


You could see 3 yaks, a troll and an orc wizard (fast).

Vanquished Creatures
  Harold (D:7)
  Pikel (D:6)
  A hippogriff (D:8)
  2 yaks (D:8)
  Menkaure (D:6)
  A black bear (D:6)
  Duvessa (D:7)
  A sky beast (D:7)
  2 ogres
  An orc warrior (D:8)
  A phantom (D:8)
  3 centaurs
  2 lemures (D:6)
  2 big kobolds (D:8)
  A gnoll sergeant (D:6)
  A bullfrog (D:8)
  3 scorpions
  A water moccasin skeleton (D:8)
  A howler monkey (D:8)
  4 crimson imps (D:3)
  2 quasits
  A centaur skeleton (D:4)
  A centaur zombie (D:7)
  3 hounds (D:6)
  5 orc priests
  A jelly (D:6)
  2 iguanas
  Jessica (D:2)
  11 orc wizards
  7 worker ants
  A hound zombie (D:8)
  A hound skeleton (D:8)
  A worker ant zombie (D:5)
  8 adders
  10 gnolls
  A howler monkey skeleton (D:7)
  3 white imps
  2 ufetubi
  An adder skeleton (D:7)
  2 worms (D:2)
  6 dart slugs
  4 leopard geckos
  35 orcs
  A ball python (D:6)
  4 giant cockroaches
  6 goblins
  3 hobgoblins
  4 jackals
  11 kobolds
  5 quokkas
  9 bats
  2 frilled lizards (D:2)
  A jackal zombie (D:5)
  A leopard gecko skeleton (D:5)
  A quokka skeleton (D:5)
  11 rats
199 creatures vanquished.

Vanquished Creatures (others)
  An orc (D:5)
1 creature vanquished.

Grand Total: 200 creatures vanquished

Notes
Turn   | Place    | Note
-------+----------+-------------------------------------------
     0 | D:1      | MrRokkomies the Octopode Earth Elementalist began the quest
                  | for the Orb.
     0 | D:1      | Reached XP level 1. HP: 11/11 MP: 3/3
   287 | D:1      | Reached XP level 2. HP: 17/17 MP: 5/5
   876 | D:1      | Learned a level 2 spell: Passwall
   977 | D:2      | Reached XP level 3. HP: 12/21 MP: 4/6
  1209 | D:2      | Noticed Jessica
  1212 | D:2      | Killed Jessica
  1261 | D:2      | Reached XP level 4. HP: 17/27 MP: 3/7
  2420 | D:3      | Reached XP level 5. HP: 31/31 MP: 3/8
  2671 | D:3      | Found a shimmering altar of Xom.
  2686 | D:3      | Reached XP level 6. HP: 34/36 MP: 0/10
  3564 | D:4      | Reached skill level 5 in Earth Magic
  3564 | D:4      | Reached XP level 7. HP: 32/41 MP: 9/11
  3720 | D:4      | Found a runed translucent gate.
  3721 | D:4      | Found a runed translucent gate.
  3722 | D:4      | Found a runed translucent gate.
  3724 | D:4      | Noticed fritzmikael's ghost (amateur DgAM)
  3728 | D:4      | Found a roughly hewn altar of Beogh.
  3996 | D:5      | Entered Level 5 of the Dungeon
  4203 | D:5      | Reached skill level 5 in Stealth
  4221 | D:5      | Reached skill level 5 in Dodging
  4702 | D:5      | Found a staircase to the Ecumenical Temple.
  4712 | Temple   | Entered the Ecumenical Temple
  4776 | Temple   | Became a worshipper of Gozag Ym Sagoz the Greedy
  4904 | D:5      | Reached XP level 8. HP: 46/46 MP: 4/13
  4995 | D:5      | Found a hazy altar of Hepliaklqana.
  5128 | D:5      | Found an iron altar of Okawaru.
  5332 | D:5      | Learned a level 3 spell: Stone Arrow
  5337 | D:5      | Learned a level 4 spell: Petrify
  5422 | D:6      | Found a burning altar of Makhleb.
  5823 | D:6      | Noticed Pikel
  6836 | D:6      | Found a shattered altar of Ashenzari.
  6851 | D:6      | Noticed Menkaure
  6860 | D:6      | Killed Menkaure
  7235 | D:6      | Killed Pikel
  7235 | D:6      | Reached XP level 9. HP: 43/51 MP: 12/16
  8317 | D:7      | Found a glowing silver altar of Zin.
  8317 | D:7      | Noticed Harold
  8318 | D:7      | Found a glowing golden altar of the Shining One.
  8319 | D:7      | Found a white marble altar of Elyvilon.
  8332 | D:7      | Killed Harold
  8332 | D:7      | Reached skill level 5 in Spellcasting
  8835 | D:7      | Noticed Dowan
  8836 | D:7      | Noticed Duvessa
  8850 | D:7      | Killed Duvessa
  8852 | D:7      | Noticed Dowan
  8852 | D:7      | Dowan changed into Dowan the worker ant
  8858 | D:7      | Killed Dowan the worker ant
  9173 | D:8      | Reached XP level 10. HP: 41/56 MP: 16/18
  9318 | D:8      | Found a stormy altar of Qazlal.
  9791 | D:8      | Got a dazzling spear
  9792 | D:8      | Identified the +4 spear "Bifiol" {protect, +Rage rPois
                  | Int-3 Dex+4} (You found it on level 8 of the Dungeon)
 10388 | D:8      | Bought the cursed ring of Linearity {rPois MP+9 Int-4} for
                  | 345 gold pieces
 10479 | D:9      | Found a shimmering blue altar of Sif Muna.
 11378 | D:8      | Mangled by a yak

Illustrated notes

Levels and vault maps discovered:
D:1:      minmay_arrival_solitary_statue, layout_loops_ring, due_unseen_surprise
D:2:      layout_basic, uniq_jessica
D:3:      layout_loops_ring, led_xom_imps
D:4:      layout_gridville, biasface_ghost_orc_armoury
D:5:      layout_loops_ring, lemuel_coloured_pillars_altar, lemuel_doored_altar,
          minmay_temple_entry_stoned_glass, minmay_fractal_squares_diagonal_5
D:6:      layout_loops_corners, basic_altar, makhleb_heckhound_becter,
          uniq_menkaure, uniq_pikel
D:7:      layout_loops_cross, good_gods_temple_1, serial_rivers,
          chequers_serial_rivers_small_a, chequers_serial_rivers_micro_d,
          chequers_serial_rivers_micro_d, chequers_serial_rivers_room_b,
          chequers_serial_rivers_room_a, chequers_serial_rivers_small_b,
          uniq_duvessa, uniq_harold
D:8:      layout_basic, nicolae_overflow_crystal_walls, lightli_corner_chamber
D:9:      layout_irregular_city, kennysheep_mini_moat, lemuel_round_altar,
          erik_orc_2
Temple:   nicolae_temple_god_jail

Skill      XL: |  1  2  3  4  5  6  7  8  9 10 |
---------------+-------------------------------+-----
Stealth        | 3 4 5 7 8 9 |  9.1
Dodging        | 3 4 5 7 8 9 |  9.0
Earth Magic    | 4 5 7 8 9 |  9.2
Spellcasting   | 3 4 5 |  5.8
Transmutations | |  1.0

Action                   |  1- 3 |  4- 6 |  7- 9 | 10-12 || total
-------------------------+-------+-------+-------+-------++-------
Melee: Unarmed           |    53 |       |       |       ||    53
       Constrict         |    18 |     8 |    50 |    11 ||    87
       Tentacles         |     4 |     5 |    39 |     8 ||    56
       Short sword       |     4 |    24 |       |       ||    28
       Dagger            |       |    24 |   191 |    70 ||   285
Throw: Dart              |       |     5 |       |       ||     5
       Throwing net      |       |       |     2 |       ||     2
 Cast: Passwall          |     2 |       |       |     2 ||     4
       Sandblast         |     5 |    33 |    87 |    36 ||   161
       Stone Arrow       |       |       |     1 |     6 ||     7
       Petrify           |       |       |     2 |     3 ||     5
Invok: Call Merchant     |       |       |       |     1 ||     1
Evoke: Wand              |       |       |    11 |       ||    11
  Use: Potion            |     2 |       |     3 |     2 ||     7
       Scroll            |       |    10 |    12 |     1 ||    23
 Stab: Sleeping          |    12 |    13 |    19 |     8 ||    52
       Petrifying        |       |     1 |       |       ||     1
       Paralysed         |       |       |     1 |       ||     1
       Petrified         |       |       |     4 |     5 ||     9
       Confused          |       |       |     1 |       ||     1
Armor: Skin              |     6 |     2 |     4 |     5 ||    17
Dodge: Dodged            |    30 |    24 |   184 |   132 ||   370

Table legend: (Time is in decaauts)
 A = Elapsed time spent in this place.
 B = Non-inter-level travel time spent in this place.
 C = Inter-level travel time spent in this place.
 D = Time resting spent in this place.
 E = Time spent auto-exploring this place.
 F = Levels seen in this place.
 G = Mean time per level.
                   A        B        C        D        E       F      G
               +--------+--------+--------+--------+--------+-----+--------+
         Total |  11366 |  10946 |    420 |   1136 |   8251 |  10 | 1136.6 |
       Dungeon |  11289 |  10881 |    408 |   1136 |   8194 |   9 | 1254.3 |
        Temple |     76 |     64 |     12 |      0 |     57 |   1 |   76.0 |
               +--------+--------+--------+--------+--------+-----+--------+

Top non-repeatable levels by time:
     D:8: 2039 daAuts
     D:6: 1881 daAuts
     D:7: 1842 daAuts
     D:5: 1313 daAuts
     D:2: 1290 daAuts
     D:1: 968 daAuts
     D:3: 889 daAuts
     D:4: 827 daAuts
     D:9: 236 daAuts
  Temple: 76 daAuts
